TOP OF THE 1ST |
West Virginia Power batting - Pitching for West Palm Reds : RHP Manabu Mizuno
|
Pitching: RHP Manabu Mizuno
|
|
Batting: LHB Ryan Drake
|
0-0: Ball 1-0: Ball 2-0: Ground out 4-3 (Groundball, 4M)
|
Batting: RHB Valentín Borges
|
0-0: Foul Ball, location: 2F 0-1: Ground out U3 (Groundball, 3S)
|
Batting: RHB Will Lott
|
0-0: Ball 1-0: Called Strike 1-1: Ball 2-1: Called Strike 2-2: Foul Ball, location: 2F 2-2: Fly out, F2 (Popup, 2RF)
|
Top of the 1st over - 0 run(s), 0 hit(s), 0 error(s), 0 left on base; West Virginia 0 - West Palm 0 |
BOTTOM OF THE 1ST |
West Palm Reds batting - Pitching for West Virginia Power : RHP Mark Sanders
|
Pitching: RHP Mark Sanders
|
|
Batting: SHB Francis Shaffer
|
0-0: Foul Ball, location: 2F 0-1: Called Strike 0-2: Fly out, F6 (Popup, 6M)
|
Batting: RHB Juan Vareas
|
0-0: Called Strike 0-1: Ball 1-1: Ball 2-1: Ball 3-1: Foul Ball, location: 2F 3-2: Ground out 4-3 (Groundball, 4M)
|
Batting: LHB Jeff McKinney
|
0-0: DOUBLE (Line Drive, 6)
|
Batting: SHB Todd Smith
|
0-0: Fly out, F9 (Flyball, 9D)
|
Bottom of the 1st over - 0 run(s), 1 hit(s), 0 error(s), 1 left on base; West Virginia 0 - West Palm 0 |
TOP OF THE 2ND |
West Virginia Power batting - Pitching for West Palm Reds : RHP Manabu Mizuno
|
Batting: RHB Doug Stephens
|
0-0: Fly out, F9 (Flyball, 9S)
|
Batting: RHB Eric Johnson
|
0-0: Swinging Strike 0-1: Foul Ball, location: 2F 0-2: Strikes out swinging
|
Batting: RHB Raúl Torres
|
0-0: Ball 1-0: DOUBLE (Groundball, 5L)
|
Batting: LHB Ernie Jackson
|
0-0: Foul Ball, location: 2F 0-1: Ball 1-1: Fly out, F9 (Line Drive, 9M)
|
Top of the 2nd over - 0 run(s), 1 hit(s), 0 error(s), 1 left on base; West Virginia 0 - West Palm 0 |
BOTTOM OF THE 2ND |
West Palm Reds batting - Pitching for West Virginia Power : RHP Mark Sanders
|
Batting: RHB Jack Ray
|
0-0: Ball 1-0: Ball 2-0: Foul Ball, location: 2F 2-1: Ball 3-1: Base on Balls
|
Batting: LHB Jeff Doss
|
0-0: Called Strike 0-1: Ball 1-1: Foul Ball, location: 2F 1-2: Ball 2-2: Strikes out looking
|
Batting: LHB Ezechiele Bruno
|
0-0: Fly out, F4 (Popup, 4)
|
Batting: LHB Bill Smith
|
0-0: Ball 1-0: Foul Ball, location: 2F 1-1: Ball 2-1: Ball 3-1: Called Strike 3-2: Base on Balls Jack Ray to second
|
Batting: SHB Alex Hayes
|
0-0: Ground out 4-3 (Groundball, 4)
|
Bottom of the 2nd over - 0 run(s), 0 hit(s), 0 error(s), 2 left on base; West Virginia 0 - West Palm 0 |
TOP OF THE 3RD |
West Virginia Power batting - Pitching for West Palm Reds : RHP Manabu Mizuno
|
Batting: RHB Andrés Carrillo
|
0-0: Foul Ball, location: 2F 0-1: Ball 1-1: Called Strike 1-2: Foul Ball, location: 2F 1-2: Ball 2-2: Strikes out swinging
|
Batting: RHB Jorge Ramírez
|
0-0: Called Strike 0-1: Foul Ball, location: 2F 0-2: Foul Ball, location: 2F 0-2: Ball 1-2: Ball 2-2: Strikes out swinging
|
Batting: LHB Ryan Drake
|
0-0: Called Strike 0-1: Ball 1-1: Ball 2-1: Fly out, F7 (Flyball, 78M)
|
Top of the 3rd over - 0 run(s), 0 hit(s), 0 error(s), 0 left on base; West Virginia 0 - West Palm 0 |
BOTTOM OF THE 3RD |
West Palm Reds batting - Pitching for West Virginia Power : RHP Mark Sanders
|
Batting: SHB Francis Shaffer
|
0-0: Called Strike 0-1: Ball 1-1: Foul Ball, location: 2F 1-2: Ball 2-2: Foul Ball, location: 2F 2-2: Fly out, F7 (Flyball, 78M)
|
Batting: RHB Juan Vareas
|
0-0: Called Strike 0-1: Ground out 4-3 (Groundball, 4M)
|
Batting: LHB Jeff McKinney
|
0-0: Called Strike 0-1: Ball 1-1: Foul Ball, location: 2F 1-2: Fly out, F9 (Flyball, 9D)
|
Bottom of the 3rd over - 0 run(s), 0 hit(s), 0 error(s), 0 left on base; West Virginia 0 - West Palm 0 |
TOP OF THE 4TH |
West Virginia Power batting - Pitching for West Palm Reds : RHP Manabu Mizuno
|
Batting: RHB Valentín Borges
|
0-0: Swinging Strike 0-1: Ball 1-1: Called Strike 1-2: Ball 2-2: Strikes out looking
|
Batting: RHB Will Lott
|
0-0: Foul Ball, location: 2F 0-1: Swinging Strike 0-2: Ball 1-2: Fly out, F5 (Popup, 5F)
|
Batting: RHB Doug Stephens
|
0-0: Foul Ball, location: 2F 0-1: Foul Ball, location: 2F 0-2: Ball 1-2: Ground out 6-3 (Groundball, 6M)
|
Top of the 4th over - 0 run(s), 0 hit(s), 0 error(s), 0 left on base; West Virginia 0 - West Palm 0 |
BOTTOM OF THE 4TH |
West Palm Reds batting - Pitching for West Virginia Power : RHP Mark Sanders
|
Batting: SHB Todd Smith
|
0-0: Ground out U3 (Groundball, 3L)
|
Batting: RHB Jack Ray
|
0-0: Swinging Strike 0-1: Foul Ball, location: 2F 0-2: Foul Ball, location: 2F 0-2: Ball 1-2: Foul Ball, location: 2F 1-2: Strikes out swinging
|
Batting: LHB Jeff Doss
|
0-0: Ball 1-0: Called Strike 1-1: Ball 2-1: DOUBLE (Flyball, 78XD)
|
Batting: LHB Ezechiele Bruno
|
0-0: Foul Ball, location: 2F 0-1: Ball 1-1: Ball 2-1: Ball 3-1: Base on Balls
|
Batting: LHB Bill Smith
|
0-0: Ball 1-0: Ball 2-0: Swinging Strike 2-1: Ball 3-1: Called Strike 3-2: Foul Ball, location: 2F 3-2: Strikes out looking
|
Bottom of the 4th over - 0 run(s), 1 hit(s), 0 error(s), 2 left on base; West Virginia 0 - West Palm 0 |
TOP OF THE 5TH |
West Virginia Power batting - Pitching for West Palm Reds : RHP Manabu Mizuno
|
Batting: RHB Eric Johnson
|
0-0: Ball 1-0: SINGLE (Flyball, 8LS)
|
Batting: RHB Raúl Torres
|
0-0: Ball 1-0: Ball 2-0: Fly out, F3 (Popup, 3SF)
|
Batting: LHB Ernie Jackson
|
0-0: Ball 1-0: Ball 2-0: Called Strike 2-1: SINGLE (Groundball, 34D) Eric Johnson to second Runner from 2nd tries for 3rd, SAFE, throw made to third
|
Batting: RHB Andrés Carrillo
|
0-0: Ball 1-0: Swinging Strike 1-1: Called Strike 1-2: Fly out, F9 (Flyball, 89S)
|
Batting: RHB Jorge Ramírez
|
0-0: Swinging Strike 0-1: Ball 1-1: Ball 2-1: Ball 3-1: SINGLE (Groundball, 56) (infield hit) Eric Johnson scores Ernie Jackson to second
|
Batting: LHB Ryan Drake
|
0-0: Ball 1-0: Ball 2-0: Called Strike 2-1: Ground out U3 (Groundball, 3L)
|
Top of the 5th over - 1 run(s), 3 hit(s), 0 error(s), 2 left on base; West Virginia 1 - West Palm 0 |
BOTTOM OF THE 5TH |
West Palm Reds batting - Pitching for West Virginia Power : RHP Mark Sanders
|
Batting: SHB Alex Hayes
|
0-0: Ball 1-0: Ball 2-0: Ball 3-0: Called Strike 3-1: Base on Balls
|
Pitching: RHP Raúl Ruíz
|
|
Batting: SHB Francis Shaffer
|
0-0: Ball 1-0: Foul Ball, location: 2F 1-1: Ball 2-1: Foul Ball, location: 2F 2-2: Foul Ball, location: 2F 2-2: Ball 3-2: Strikes out swinging
|
Batting: RHB Juan Vareas
|
0-0: Foul Ball, location: 2F 0-1: Swinging Strike 0-2: Ball 1-2: Strikes out looking
|
Batting: LHB Jeff McKinney
|
0-0: Called Strike 0-1: Ball 1-1: Called Strike 1-2: Strikes out swinging
|
Bottom of the 5th over - 0 run(s), 0 hit(s), 0 error(s), 1 left on base; West Virginia 1 - West Palm 0 |
TOP OF THE 6TH |
West Virginia Power batting - Pitching for West Palm Reds : RHP Manabu Mizuno
|
Batting: RHB Valentín Borges
|
0-0: Ball 1-0: Swinging Strike 1-1: Ball 2-1: Foul Ball, location: 2F 2-2: Strikes out looking
|
Batting: RHB Will Lott
|
0-0: Called Strike 0-1: Ball 1-1: Ball 2-1: Called Strike 2-2: Foul Ball, location: 2F 2-2: Foul Ball, location: 2F 2-2: SINGLE (Groundball, 6MD)
|
Pitching: LHP Francisco Nieto
|
|
Batting: RHB Doug Stephens
|
0-0: Swinging Strike 0-1: Ball 1-1: Foul Ball, location: 2F 1-2: Foul Ball, location: 2F 1-2: Strikes out looking
|
Batting: RHB Eric Johnson
|
0-0: Ball 1-0: Called Strike 1-1: Ball 2-1: Ground out 6-3 (Groundball, 6)
|
Top of the 6th over - 0 run(s), 1 hit(s), 0 error(s), 1 left on base; West Virginia 1 - West Palm 0 |
BOTTOM OF THE 6TH |
West Palm Reds batting - Pitching for West Virginia Power : RHP Raúl Ruíz
|
Batting: SHB Todd Smith
|
0-0: Called Strike 0-1: Ball 1-1: Ball 2-1: Swinging Strike 2-2: Foul Ball, location: 2F 2-2: Strikes out swinging
|
Batting: RHB Jack Ray
|
0-0: Swinging Strike 0-1: Ball 1-1: Foul Ball, location: 2F 1-2: Fly out, F7 (Flyball, 7LSF)
|
Batting: LHB Jeff Doss
|
0-0: Called Strike 0-1: Ball 1-1: Called Strike 1-2: Foul Ball, location: 2F 1-2: Strikes out swinging
|
Bottom of the 6th over - 0 run(s), 0 hit(s), 0 error(s), 0 left on base; West Virginia 1 - West Palm 0 |
TOP OF THE 7TH |
West Virginia Power batting - Pitching for West Palm Reds : LHP Francisco Nieto
|
Batting: RHB Raúl Torres
|
0-0: Ball 1-0: Ball 2-0: Foul Ball, location: 2F 2-1: Swinging Strike 2-2: Strikes out swinging
|
Batting: LHB Ernie Jackson
|
0-0: Ball 1-0: SINGLE (Line Drive, 6M)
|
Pinch Hitting: RHB Cristián Herrera
|
0-0: Ball 1-0: Foul Ball, location: 2F 1-1: Called Strike 1-2: Foul Ball, location: 2F 1-2: Strikes out looking
|
Pinch Hitting: RHB Vicente Torres
|
0-0: Ball 1-0: Called Strike 1-1: Foul Ball, location: 2F 1-2: Strikes out swinging
|
Top of the 7th over - 0 run(s), 1 hit(s), 0 error(s), 1 left on base; West Virginia 1 - West Palm 0 |
BOTTOM OF THE 7TH |
West Palm Reds batting - Pitching for West Virginia Power : RHP Raúl Ruíz
|
Now in LF: Jesús Ángel
|
|
Now in CF: Aaron Murray
|
|
Batting: LHB Ezechiele Bruno
|
0-0: Ball 1-0: Ball 2-0: Foul Ball, location: 2F 2-1: Called Strike 2-2: Foul Ball, location: 2F 2-2: Ground out U3 (Groundball, 3S)
|
Batting: LHB Bill Smith
|
0-0: Foul Ball, location: 2F 0-1: Ball 1-1: Foul Ball, location: 2F 1-2: Foul Ball, location: 2F 1-2: SINGLE (Flyball, 8RS)
|
Pinch Runner at 1st Jermaine Carter:
|
|
Batting: SHB Alex Hayes
|
0-0: Ball 1-0: Fly out, F8 (Flyball, 8LM)
|
Pinch Hitting: RHB Juan López
|
0-0: Ball 1-0: Swinging Strike 1-1: Ball 2-1: Fly out, F3 (Popup, 13)
|
Bottom of the 7th over - 0 run(s), 1 hit(s), 0 error(s), 1 left on base; West Virginia 1 - West Palm 0 |
TOP OF THE 8TH |
West Virginia Power batting - Pitching for West Palm Reds : LHP Francisco Nieto
|
Now at 3B: Ánibal Martínez
|
|
Now in CF: Jermaine Carter
|
|
Batting: LHB Ryan Drake
|
0-0: Ball 1-0: Foul Ball, location: 2F 1-1: Ball
|
|
|
|
2-1: Ball 3-1: Base on Balls
|
Batting: RHB Valentín Borges
|
0-0: Bunt - Flyout! F1
|
Pitching: RHP Dave Woods
|
|
Pinch Hitting: RHB Alfonso Huertas
|
0-0: Foul Ball, location: 2F 0-1: Ball 1-1: Called Strike 1-2: Foul Ball, location: 2F 1-2: SINGLE (Line Drive, 7LS) Ryan Drake to second
|
Batting: RHB Doug Stephens
|
0-0: Called Strike 0-1: Ball Wild Pitch! Ryan Drake to third Alfonso Huertas to second 1-1: Intentional Walk
|
Batting: RHB Eric Johnson
|
0-0: Ball 1-0: Ball 2-0: Called Strike 2-1: Reached on error, E5 (Groundball, 5) Ryan Drake scores Alfonso Huertas to third Doug Stephens to second
|
Batting: RHB Raúl Torres
|
0-0: Ball 1-0: Ball 2-0: Ball 3-0: Called Strike 3-1: SINGLE (Line Drive, 34D) Alfonso Huertas scores Doug Stephens to third Eric Johnson to second
|
Batting: LHB Ernie Jackson
|
0-0: Foul Ball, location: 2F 0-1: Foul Ball, location: 2F 0-2: Ball 1-2: Ball 2-2: DOUBLE (Line Drive, 9M) Doug Stephens scores Eric Johnson scores Raúl Torres to third
|
Pitching: RHP Javier Valenzuela
|
|
Batting: LHB Jesús Ángel
|
0-0: Ball 1-0: Ball 2-0: Reached on Error, E7 (Flyball, 7M) Raúl Torres scores Ernie Jackson to third
|
Batting: RHB Aaron Murray
|
0-0: Ball 1-0: Foul Ball, location: 2F 1-1: Swinging Strike 1-2: Ball 2-2: Foul Ball, location: 2F 2-2: Strikes out swinging Jesús Ángel steals 2nd base Batter strikes out.
|
Batting: LHB Ryan Drake
|
0-0: Fly out, F4 (Line Drive, 4)
|
Top of the 8th over - 5 run(s), 3 hit(s), 2 error(s), 2 left on base; West Virginia 6 - West Palm 0 |
BOTTOM OF THE 8TH |
West Palm Reds batting - Pitching for West Virginia Power : RHP Raúl Ruíz
|
Now at 1B: Alfonso Huertas
|
|
Batting: RHB Juan Vareas
|
0-0: Ball 1-0: Ball 2-0: Called Strike 2-1: SINGLE (Line Drive, 6MD)
|
Batting: LHB Jeff McKinney
|
0-0: Swinging Strike 0-1: Foul Ball, location: 2F 0-2: Hit by Pitch Juan Vareas to second
|
Batting: SHB Todd Smith
|
0-0: Called Strike 0-1: Swinging Strike 0-2: Ball 1-2: Strikes out swinging
|
Batting: RHB Jack Ray
|
0-0: Called Strike 0-1: Ball 1-1: Ball 2-1: Ball 3-1: SINGLE (Groundball, 34D) (infield hit) Juan Vareas to third Jeff McKinney to second
|
Batting: LHB Jeff Doss
|
0-0: Called Strike 0-1: SINGLE (Groundball, 34D) Juan Vareas scores Jeff McKinney to third Jack Ray to second Runner from 3rd tries for Home, SAFE, no throw or cutoff
|
Batting: LHB Ezechiele Bruno
|
0-0: Called Strike 0-1: Foul Ball, location: 2F 0-2: Strikes out swinging
|
Batting: LHB Jermaine Carter
|
0-0: Ball 1-0: Swinging Strike 1-1: Fly out, F5 (Popup, 5)
|
Bottom of the 8th over - 2 run(s), 3 hit(s), 0 error(s), 2 left on base; West Virginia 6 - West Palm 2 |
TOP OF THE 9TH |
West Virginia Power batting - Pitching for West Palm Reds : RHP Javier Valenzuela
|
Batting: RHB Valentín Borges
|
0-0: Foul Ball, location: 2F 0-1: Ball 1-1: Ball 2-1: Ball 3-1: SOLO HOME RUN (Flyball, 78XD), Distance : 426 ft
|
Batting: RHB Alfonso Huertas
|
0-0: Called Strike 0-1: Ball 1-1: Foul Ball, location: 2F 1-2: Strikes out swinging
|
Batting: RHB Doug Stephens
|
0-0: Swinging Strike 0-1: Swinging Strike 0-2: Ball 1-2: Strikes out looking
|
Batting: RHB Eric Johnson
|
0-0: Foul Ball, location: 2F 0-1: Swinging Strike 0-2: SINGLE (Line Drive, 56D)
|
Batting: RHB Raúl Torres
|
0-0: Fielders Choice at 2nd, U4 (Groundball, 4M)
|
Top of the 9th over - 1 run(s), 2 hit(s), 0 error(s), 1 left on base; West Virginia 7 - West Palm 2 |
BOTTOM OF THE 9TH |
West Palm Reds batting - Pitching for West Virginia Power : RHP Raúl Ruíz
|
Batting: SHB Alex Hayes
|
0-0: Ball 1-0: Called Strike 1-1: Ground out 6-3 (Groundball, 6)
|
Batting: RHB Ánibal Martínez
|
0-0: Ball 1-0: Called Strike 1-1: Ball 2-1: Called Strike 2-2: Foul Ball, location: 2F 2-2: Ground out 6-3 (Groundball, 6)
|
Batting: RHB Juan Vareas
|
0-0: SINGLE (Line Drive, 34D)
|
Batting: LHB Jeff McKinney
|
0-0: Called Strike 0-1: Ball 1-1: Swinging Strike 1-2: Ball 2-2: Foul Ball, location: 2F 2-2: Ball 3-2: Fly out, F8 (Flyball, 8LD)
|
Bottom of the 9th over - 0 run(s), 1 hit(s), 0 error(s), 1 left on base; West Virginia 7 - West Palm 2 |
|
|